 Dungeon Crawl Stone Soup version 0.19.4-8-ga85b6b9 (webtiles) character file.

35 Naow the Vexing (level 3, 0/14 HPs)
             Began as a Felid Enchanter on Feb 15, 2017.
             Slain by a worm (5 damage)
             ... on level 2 of the Dungeon.
             The game lasted 00:04:16 (2251 turns).

Naow the Vexing (Felid Enchanter)                   Turns: 2251, Time: 00:04:16

Health: 0/14       AC:  1    Str:  4    XL:     3   Next: 16%
Magic:  0/7        EV: 18    Int: 17    God:
Gold:   82         SH:  0    Dex: 16    Spells: 2 memorised, 3 levels left
                                        Lives:  0   Deaths: 0

rFire  . . .     SeeInvis +       - Unarmed
rCold  . . .     Gourm    .     (armour unavailable)
rNeg   . . .     Faith    .     (shield unavailable)
rPois  .         Spirit   .     (helmet unavailable)
rElec  .         Reflect  .     (cloak unavailable)
rCorr  .         Harm     .     (gloves unavailable)
MR     .....                    (boots unavailable)
Stlth  +++.......               (no amulet)
                                (no ring)
                                l - ring of flight (curse)

@: very slightly contaminated, quick
A: no armour, no weapons or thrown items, stealth, claws 1, fangs 3, see
invisible, carnivore 3, speed 1, shaggy fur 1, slow metabolism 1, sharp paws
a: Evoke Flight


You were on level 2 of the Dungeon.
You were very full.

You visited 1 branch of the dungeon, and saw 2 of its levels.

You collected 82 gold pieces.

Inventory:

Jewellery
 l - a cursed ring of flight (left paw)
Scrolls
 c - 3 scrolls of identify {unknown}
 j - a scroll of noise {unknown}
 k - a scroll of amnesia {unknown}
Potions
 d - a potion of invisibility {unknown}
 e - a potion of ambrosia {unknown}
 h - 2 potions of curing {unknown}
 i - a potion of haste {unknown}
 m - a potion of magic {unknown}
Books
 a - a book of Maledictions

   Spells                             Type                      Level
   a - Corona                         Hexes                        1
   b - Ensorcelled Hibernation        Hexes/Ice                    2
   c - Confuse                        Hexes                        3
   d - Tukima's Dance                 Hexes                        3
   e - Dazzling Spray                 Conjuration/Hexes            3
Comestibles
 b - a meat ration
 g - 2 slices of pizza


   Skills:
 - Level 2.6 Dodging
 + Level 4.5 Stealth
 + Level 1.6 Unarmed Combat
 + Level 2.3 Spellcasting
 + Level 5.0 Hexes


You had 3 spell levels left.
You knew the following spells:

 Your Spells              Type           Power        Failure   Level  Hunger
a - Corona                Hex            ###....      2%          1    #......
b - Ensorcelled Hibernat  Hex/Ice        ##....       12%         2    ##.....


Dungeon Overview and Level Annotations

Branches:
Dungeon (2/15)

Altars:


Innate Abilities, Weirdness & Mutations

You cannot wear armour.
You are incapable of wielding weapons or throwing items.
Your paws allow you to move quietly. (Stealth)
You have sharp claws.
You have razor-sharp teeth.
You have supernaturally acute eyesight. (SInv)
You are carnivorous and can eat meat at any time.
You cover ground quickly.
You are covered in fur. (AC +1)
You have a slow metabolism.
Your sharp claws are effective at attacking unaware monsters.


Message History

You miscast Ensorcelled Hibernation.
Multicoloured lights dance before your eyes!
The leopard gecko hisses angrily.
The worm bites you.
Casting: Ensorcelled Hibernation
Confirm with . or Enter, or press ? or * to list all spells.
You don't have enough magic to cast that spell.
Unknown command.
Casting: Ensorcelled Hibernation
Confirm with . or Enter, or press ? or * to list all spells.
Aiming: Ensorcelled Hibernation
Press: ? - help, Shift-Dir - straight line, f/p - worm
Aim: a worm (moderately wounded, chance to defeat MR: 50%)
The worm looks drowsy...
You are too injured to fight recklessly!
The helpless worm fails to defend itself.
You claw the worm!
The worm is almost dead.
The worm bites you.
You die...

#........#.#..
#......#......
#...#.##.#.#.##..#
..#####...#.##.#.#.##..#
........#.##.#<#.##..#
##....##.##.#.#.##..#
#.............#.##..#
#.....##............#
...#....w##@#.####.##..#
#.........wl#.####.#...#
.................#.##.##
......................#
#..#.##.............#.#
........###.####.####.#
.....#.!# #.####.# #.#
......... #.## #......#
#.# .....#... #.
#.###### #.#


You could see a worm and a leopard gecko.

Vanquished Creatures
  2 dart slugs (D:1)
  A leopard gecko (D:1)
  3 bats
  2 giant cockroaches
  3 goblins (D:1)
  7 hobgoblins
  2 ball pythons (D:1)
  A kobold (D:1)
  6 rats (D:1)
27 creatures vanquished.

Notes
Turn   | Place    | Note
-------+----------+-------------------------------------------
     0 | D:1      | Naow the Felid Enchanter began the quest for the Orb.
     0 | D:1      | Reached XP level 1. HP: 7/7 MP: 4/4
   560 | D:1      | Reached XP level 2. HP: 10/11 MP: 6/6
   564 | D:1      | Learned a level 2 spell: Ensorcelled Hibernation
  1557 | D:1      | Reached XP level 3. HP: 14/14 MP: 4/7
  1746 | D:2      | Reached skill level 5 in Hexes
  2251 | D:2      | Slain by a worm

Skill      XL: |  1  2  3 |
---------------+----------+-----
Hexes          | 5 |  5.0
Dodging        | |  2.6
Stealth        | |  4.5
Unarmed Combat | |  1.6
Spellcasting   | |  2.3

Action                   || total
-------------------------++-------
Melee: Unarmed           ||    76
       Bite              ||     4
       Punch             ||     1
 Cast: Ensorcelled Hiber ||    13
       Corona            ||     1
 Stab: Sleeping          ||    16
  Eat: Chunk             ||    10
Armor: Skin              ||     6
Dodge: Dodged            ||    51
